 Dungeon Crawl Stone Soup version 0.28.0-53-g5a82cb258f (webtiles) character file.

Game seed: 3975286103772537027

1078 LustLizard the Firebug (level 8, -3/64 HPs)
             Began as a Hill Orc Fire Elementalist on July 7, 2022.
             Was an Initiate of Beogh.
             Slain by an orc warrior
             ... wielding a +0 trident
              (12 damage)
             ... on level 7 of the Dungeon.
             The game lasted 00:20:01 (7849 turns).

LustLizard the Firebug (Hill Orc Fire Elementalist) Turns: 7849, Time: 00:20:02

Health: -3/64      AC:  7    Str: 13      XL:     8   Next: 29%
Magic:  12/12      EV: 11    Int: 14 (15) God:    Beogh [......]
Gold:   352        SH:  0    Dex: 17      Spells: 4/12 levels left

rFire   . . .      SeeInvis .   B - +2 mace (holy)
rCold   . . .      Faith    .   b - orb {*channel}
rNeg    + . .      Spirit   .   w - +1 leather armour {rN+}
rPois   +          Reflect  .   l - +0 helmet
rElec   +          Harm     .   (no cloak)
rCorr   .          Rampage  .   g - +0 pair of gloves
Will    ++...                   v - +0 pair of boots
Stlth   +.........              F - amulet "Qoejesch" {RegenMP *Corrode rElec rPois Will++}
HPRegen 0.20/turn               s - ring of poison resistance
MPRegen 0.53/turn               A - +6 ring of dexterity

@: confused, ambrosia-drunk, very slightly contaminated
A: no striking features
a: Renounce Religion


You were on level 7 of the Dungeon.
You worshipped Beogh.
Beogh was noncommittal.
You visited 1 branch of the dungeon, and saw 7 of its levels.

You collected 352 gold pieces.

Inventory:

Hand Weapons
 c - a +0 longbow
 i - a +0 hand axe
 B - a +2 mace of holy wrath (weapon)
 D - a +0 whip of venom
Missiles
 o - 62 arrows
Armour
 a - a +0 robe
 b - an orb of energy (worn)
 f - a +0 leather armour
 g - a +0 pair of gloves (worn)
 l - a +0 helmet (worn)
 p - a +0 ring mail
 u - a +0 ring mail
 v - a +0 pair of boots (worn)
 w - a +1 leather armour of positive energy (worn)
Jewellery
 r - an amulet of regeneration
 s - a ring of poison resistance (left hand)
 A - a +6 ring of dexterity (right hand)
 F - the amulet "Qoejesch" (around neck) {RegenMP *Corrode rElec rPois Will++}
   (You found it on level 6 of the Dungeon)

   [amulet of magic regeneration]

   It increases your rate of magic regeneration.
   rElec:     It insulates you from electricity.
   rPois:     It protects you from poison.
   *Corrode:  It may corrode you when you take damage.
   Will:      It greatly increases your willpower.
Scrolls
 j - a scroll of amnesia {unknown}
 n - a scroll of immolation {unknown}
 q - a scroll of fog {unknown}
 t - a scroll of identify
 x - 2 scrolls of enchant weapon {unknown}
 y - a scroll of blinking
 z - a scroll of magic mapping
 E - 3 scrolls of teleportation {unknown}
 G - a scroll of silence {unknown}
Potions
 e - a potion of haste
 h - a potion of resistance {unknown}
 k - a potion of mutation {unknown}
 m - 3 potions of curing
 C - a potion of brilliance {unknown}
 H - a potion of heal wounds {unknown}


   Skills:
 + Level 3.6 Fighting
 * Level 2.5 Maces & Flails
 - Level 1.5 Dodging
 - Level 1.5 Stealth
 - Level 2.8 Spellcasting
 + Level 4.0 Conjurations
 * Level 3.9 Hexes
 * Level 5.9 Fire Magic
 - Level 2.2 Evocations


You had 4 spell levels left.
You knew the following spells:

 Your Spells              Type           Power      Damage    Failure   Level
a - Foxfire               Conj/Fire      60%        2x1d7     3%          1
b - Inner Flame           Hex/Fire       15%        N/A       11%         3
c - Flame Wave            Conj/Fire      15%        2d6       34%         4

Your spell library contained the following spells:

 Spells                   Type           Power      Damage    Failure   Level
 Scorch                   Fire           36%        2d6       3%          2
 Conjure Flame            Conj/Fire      15%        6-21      11%         3
 Beastly Appendage        Tmut           2%         N/A       28%         1
 Summon Small Mammal      Summ           4%         N/A       28%         1
 Summon Guardian Golem    Hex/Summ       7%         N/A       36%         3
 Call Canine Familiar     Summ           1%         N/A       63%         3
 Storm Form               Tmut/Air       0%         N/A       100%        7


Dungeon Overview and Level Annotations

Branches:
Dungeon (7/15)             Temple (0/1) D:5

Altars:
Qazlal
The Shining One

Shops:
D:4 [(


Message History

The orc warrior is heavily wounded.
The foxfire hits the orc warrior.
The orc warrior is heavily wounded.
The orc warrior hits you but does no damage.
Casting: Foxfire (safe; 3% risk of failure)
Confirm with . or Enter, or press ? or * to list all spells.
You conjure some foxfire!
The foxfire hits the orc warrior but does no damage.
The orc warrior is heavily wounded.
The foxfire hits the orc warrior.
The orc warrior is severely wounded.
The orc warrior hits you from afar with a +0 trident!
An orc comes into view. It is wielding a +0 short sword.
Casting: Foxfire (safe; 3% risk of failure)
Confirm with . or Enter, or press ? or * to list all spells.
You miscast Foxfire.
You are very lightly contaminated with residual magic.
Nothing appears to happen.
The foxfire hits the orc warrior.
The orc warrior is severely wounded.
The foxfire hits the orc warrior.
The orc warrior is severely wounded.
The orc warrior hits you from afar with a +0 trident!
Casting: Foxfire (safe; 3% risk of failure)
Confirm with . or Enter, or press ? or * to list all spells.
You conjure some foxfire!
The orc warrior hits you from afar with a +0 trident!
* * * LOW HITPOINT WARNING * * *
Unknown command.
You are confused.
You feel invigorated.
The foxfire hits the orc warrior but does no damage.
The orc warrior is severely wounded.
The foxfire hits the orc warrior but does no damage.
The orc warrior is severely wounded.
The orc warrior hits you from afar with a +0 trident!
* * * LOW HITPOINT WARNING * * *
You bump into the rock wall.
The orc warrior hits you from afar with a +0 trident!
You die...
Beogh appreciates the orc warrior's killing of a heretic priest.

### ######
###########.########.#..##
........).#..............#
#########.#.####..##.#####
.......................#
#####...##.###..##.##.##
#...##.# #o..#..#.#
#...##.# #o..#..#.#
#.....#.# #@§>#..#.#
####..#.###§..##.#.#
#..#..........#.#
#..######..####.# ##
###..# #.# .. #....####.#
## #.##......# ..
#.######### ## #.#


You could see an orc warrior and an orc.

Vanquished Creatures
  An ice beast (D:6)
  2 sky beasts (D:6)
  A necrophage (D:7)
  An ogre (D:6)
  A phantom (D:7)
  A scorpion (D:6)
  A water moccasin zombie (D:6)
  A bullfrog zombie (D:6)
  A jelly (D:7)
  A bullfrog skeleton (D:6)
  An orc priest (D:5)
  A centaur skeleton (D:5)
  A hound (D:3)
  3 orc wizards
  A hound zombie (D:5)
  A gnoll (D:7)
  3 adders
  A shadow imp (D:5)
  2 white imps (D:7)
  2 ufetubi
  An adder skeleton (D:4)
  4 worms
  2 dart slugs
  13 orcs
  5 bats
  5 endoplasms
  A giant cockroach (D:4)
  5 goblins
  6 hobgoblins
  9 jackals
  4 quokkas
  9 ball pythons
  7 frilled lizards
  6 kobolds
  6 rats
110 creatures vanquished.

Vanquished Creatures (others)
  A water moccasin skeleton (D:5)
  An orc priest (D:5)
  An orc (D:5)
  308 foxfires
311 creatures vanquished.

Grand Total: 421 creatures vanquished

Notes
Turn   | Place    | Note
-------+----------+-------------------------------------------
     0 | D:1      | LustLizard the Hill Orc Fire Elementalist began the quest
                  | for the Orb.
     0 | D:1      | Reached XP level 1. HP: 14/14 MP: 3/3
   150 | D:1      | Reached XP level 2. HP: 22/22 MP: 0/4
   504 | D:1      | Reached XP level 3. HP: 9/27 MP: 0/5
  1281 | D:1      | Found a faded altar of an unknown god.
  1584 | D:2      | Got the Disquisition on Unstable Execration
  1598 | D:2      | Learned a level 3 spell: Inner Flame
  1820 | D:2      | Found Jeny's General Store.
  1834 | D:2      | Reached skill level 1 in Evocations
  1937 | D:2      | Reached skill level 1 in Fighting
  1948 | D:2      | Reached XP level 4. HP: 30/35 MP: 6/6
  2605 | D:3      | Reached skill level 4 in Fire Magic
  2960 | D:3      | Reached skill level 1 in Hexes
  3017 | D:3      | Reached XP level 5. HP: 40/40 MP: 6/8
  3566 | D:4      | Found a glowing golden altar of the Shining One.
  3805 | D:4      | Found Miucwost's Antique Armour Shop.
  4256 | D:4      | Found Gumootob's Weapon Shoppe.
  4377 | D:5      | Entered Level 5 of the Dungeon
  4522 | D:5      | Reached XP level 6. HP: 42/48 MP: 9/9
  4540 | D:5      | Became a worshipper of Beogh the Brigand
  4866 | D:5      | Found a staircase to the Ecumenical Temple.
  5655 | D:6      | Found a stormy altar of Qazlal.
  5676 | D:6      | Noticed an ice beast
  5692 | D:6      | Killed an ice beast
  5693 | D:6      | Reached skill level 5 in Fire Magic
  5693 | D:6      | Reached XP level 7. HP: 26/56 MP: 1/10
  6471 | D:6      | Identified the amulet "Qoejesch" {RegenMP *Corrode rElec
                  | rPois Will++}
  6884 | D:6      | Reached skill level 1 in Maces & Flails
  6906 | D:6      | Reached XP level 8. HP: 63/63 MP: 8/12
  7270 | D:7      | Learned a level 4 spell: Flame Wave
  7849 | D:7      | Slain by an orc warrior

Illustrated notes

Levels and vault maps discovered:
D:1:      ncdulo_watergridlock, layout_basic, shapermc_ecumenical_altar_pompeii
D:2:      layout_rooms, serial_shops, nicolae_diamond_shop,
          grunt_decor_mini_mirrors
D:3:      layout_loops_cross, minmay_distorted
D:4:      layout_loops_corners, overflow_temple_1_default, serial_shops,
          nicolae_shop_stone, nicolae_square_shop, supply_closet_lemuel
D:5:      layout_basic, minmay_temple_entry_slanted
D:6:      layout_gridville, overflow_temple_1_default, minivault_25,
          kennysheep_generic_room_7
D:7:      layout_basic

Skill      XL: |  1  2  3  4  5  6  7  8 |
---------------+-------------------------+-----
Conjurations   | 2 3 4 |  4.0
Evocations     | 1 2 |  2.2
Fighting       | 1 2 3 |  3.6
Fire Magic     | 4 5 |  5.9
Spellcasting   | 2 |  2.8
Hexes          | 1 2 3 |  3.9
Maces & Flails | 1 2 |  2.5
Dodging        | |  1.5
Stealth        | |  1.5

Action                   |  1- 3 |  4- 6 |  7- 9 || total
-------------------------+-------+-------+-------++-------
Melee: Unarmed           |    73 |       |       ||    73
       Hand axe          |    41 |   202 |    11 ||   254
       Mace              |       |       |    21 ||    21
 Cast: Foxfire           |    45 |    68 |    73 ||   186
       Inner Flame       |       |       |     1 ||     1
Invok: Convert to Beogh  |       |     1 |       ||     1
  Use: Scroll            |       |     3 |     2 ||     5
       Potion            |       |       |     1 ||     1
 Stab: Sleeping          |     4 |     3 |       ||     7
Armor: Robe              |     5 |       |       ||     5
       Leather armour    |    38 |    94 |    17 ||   149
Dodge: Dodged            |    94 |   150 |    23 ||   267
